 Dungeon Crawl Stone Soup version 0.18.1-8-gdd0e5ea (webtiles) character file.

37 santipi the Firebug (level 3, -1/26 HPs)
             Began as a Draconian Fire Elementalist on June 7, 2016.
             Was an Initiate of Nemelex Xobeh.
             Slain by Terence
             ... wielding a +0 falchion of holy wrath
              (9 damage)
             ... on level 2 of the Dungeon.
             The game lasted 00:08:32 (1614 turns).

santipi the Firebug (Draconian Fire Elementalist)   Turns: 1614, Time: 00:08:32

Health: -1/26      AC:  5    Str: 10    XL:     3   Next: 23%
Magic:  0/6        EV: 12    Int: 16    God:    Nemelex Xobeh [......]
Gold:   44         SH:  0    Dex: 11    Spells: 2 memorised, 3 levels left

rFire  . . .     SeeInvis .     (no weapon)
rCold  . . .     Gourm    .     (armour unavailable)
rNeg   . . .     Faith    .     (no shield)
rPois  .         Spirit   .     (helmet restricted)
rElec  .         Dismiss  .     (no cloak)
rCorr  .         Reflect  .     (no gloves)
SustAt .         Harm     .     (no boots)
MR     .....                    (no amulet)
Stlth  ++........               (no ring)
                                (no ring)

@: not resistant to hostile enchantments, unstealthy
A: unfitting armour, cold-blooded, AC +5
a: Renounce Religion


You were on level 2 of the Dungeon.
You worshipped Nemelex Xobeh.
Nemelex Xobeh was noncommittal.
You were not hungry.

You visited 1 branch of the dungeon, and saw 2 of its levels.

You collected 44 gold pieces.

Inventory:

Jewellery
 d - a cursed ring of loudness {unknown}
 e - an uncursed ring of protection from fire {unknown}
 h - an uncursed ring of sustain attributes {unknown}
Scrolls
 c - 3 scrolls of identify {unknown}
 g - a scroll of fog {unknown}
 n - a scroll of blinking {unknown}
 r - a scroll of remove curse {unknown}
Potions
 f - a potion of agility {unknown}
 p - a potion of haste {unknown}
Books
 a - a book of Flames

   Spells                             Type                      Level
   a - Flame Tongue                   Conjuration/Fire             1
   b - Throw Flame                    Conjuration/Fire             2
   c - Conjure Flame                  Conjuration/Fire             3
   d - Inner Flame                    Hexes/Fire                   3
   e - Sticky Flame                   Conjuration/Fire             4
   f - Fireball                       Conjuration/Fire             5
Miscellaneous
 o - a plain deck of escape
Comestibles
 b - 2 bread rations
 i - 3 chunks of flesh
 j - a meat ration
 k - 2 fruits
 q - a beef jerky


   Skills:
 + Level 0.2 Fighting
 + Level 2.0 Dodging
 + Level 2.0 Stealth
 * Level 2.4 Spellcasting
 + Level 1.4 Conjurations
 + Level 3.5 Fire Magic


You had 3 spell levels left.
You knew the following spells:

 Your Spells              Type           Power        Failure   Level  Hunger
a - Flame Tongue          Conj/Fire      #....        10%         1    #......
b - Throw Flame           Conj/Fire      #.....       12%         2    ###....


Dungeon Overview and Level Annotations

Branches:
Dungeon (2/15)

Altars:
Nemelex Xobeh

Annotations:
D:2 Terence


Innate Abilities, Weirdness & Mutations

Your plain brown scales are hard (AC +5).
Your body does not fit into most forms of armour.
You are cold-blooded and may be slowed by cold attacks.


Message History

Terence is heavily wounded.
Terence hits you with a falchion of holy wrath.
You hit Terence but do no damage.
Terence is heavily wounded.
Terence hits you with a falchion of holy wrath!
Casting: Throw Flame
Confirm with . or Enter, or press ? or * to list all spells.
Aiming: Throw Flame
Press: ? - help, Shift-Dir - straight line, f/p - Terence
Aim: Terence, wielding a falchion of holy wrath and wearing a ring mail (heavily wounded)
The puff of flame misses Terence.
Terence hits you with a falchion of holy wrath.
* * * LOW HITPOINT WARNING * * *
Drink which item? (? for menu, Esc to quit)
You feel better.
Terence hits you with a falchion of holy wrath.
* * * LOW HITPOINT WARNING * * *
Terence hits you with a falchion of holy wrath!
You die...
Your body disappears without a glow.

#.....######.(.######
#####.........##
#########.# #.# #.# #.# #.#
####### #@# #.....#
###@#######
#.###.#######.........#
#รท#.........#.#.....#.#
#.#.#.#####.#....##.#.#####
#.#.#.#
#.#........(....####
#.#.#.#
#.#....>#.#........#
#.....#
#.......#.#.###.##.#
###.### ###...>.....#
#.##.# ##.## ###.###.#.#
#.##.##


You could see Terence.

Vanquished Creatures
  An ooze (D:1)
  A dart slug (D:2)
  A giant cockroach (D:1)
  2 goblins (D:1)
  6 hobgoblins
  3 jackals (D:1)
  A bat (D:2)
  3 giant newts (D:1)
  5 kobolds
  8 rats
31 creatures vanquished.

Notes
Turn   | Place    | Note
--------------------------------------------------------------
     0 | D:1      | santipi the Draconian Fire Elementalist began the quest for the Orb.
     0 | D:1      | Reached XP level 1. HP: 14/14 MP: 3/3
   224 | D:1      | Reached XP level 2. HP: 20/20 MP: 1/5
   315 | D:1      | HP: 1/20 [kobold/whip (4)]
   599 | D:1      | Found a sparkling altar of Nemelex Xobeh.
   606 | D:1      | Became a worshipper of Nemelex Xobeh the Trickster
   637 | D:1      | Received a gift from Nemelex Xobeh
   642 | D:1      | Learned a level 2 spell: Throw Flame
   907 | D:2      | Reached XP level 3. HP: 22/26 MP: 1/6
  1137 | D:2      | Noticed Terence
  1614 | D:2      | Slain by Terence

Skill      XL: |  1  2 |
---------------+-------+-----
Stealth        | 2 |  2.0
Dodging        | 2 |  2.0
Fighting       | |  0.2
Spellcasting   | |  2.4
Conjurations   | |  1.4
Fire Magic     | |  3.5

Action                   || total
-------------------------++-------
Melee: Unarmed           ||    61
       Tailslap          ||     7
 Cast: Flame Tongue      ||    23
       Throw Flame       ||    23
  Use: Scroll            ||     2
       Potion            ||     2
  Eat: Chunk             ||     4
Armor: Skin              ||    16
Dodge: Dodged            ||    56
